 Dungeon Crawl Stone Soup version 0.21-b1-23-g1fb0a74 (webtiles) character file.

174 Faca the Shield-Bearer (level 5, -6/42 HPs)
             Began as a Formicid Fighter on Jan 6, 2018.
             Killed by nerve-wracking pain
             ... invoked by Grinder
              (10 damage)
             ... on level 3 of the Dungeon.
             The game lasted 00:05:59 (2297 turns).

Faca the Shield-Bearer (Formicid Fighter)           Turns: 2297, Time: 00:05:59

Health: -6/42      AC:  7    Str: 20    XL:     5   Next: 84%
Magic:  5/5        EV:  6    Int:  8    God:
Gold:   134        SH:  9    Dex: 11    Spells: 4/4 levels left

rFire    . . .     SeeInvis +   a - +0 war axe
rCold    . . .     Gourm    .   c - +0 shield
rNeg     . . .     Faith    .   e - -2 chain mail (curse)
rPois    .         Spirit   .   (helmet unavailable)
rElec    .         Reflect  .   (no cloak)
rCorr    .         Harm     .   (no gloves)
MR       .....                  (no boots)
Stlth    ..........             (no amulet)
HPRegen  0.14/turn              r - ring of stealth
MPRegen  0.09/turn              (no ring)

@: drained
A: permanent stasis, dig shafts and tunnels, four strong arms, antennae 3
a: Dig, Shaft Self


You were on level 3 of the Dungeon.
You were not hungry.

You visited 1 branch of the dungeon, and saw 3 of its levels.

You collected 134 gold pieces.

Inventory:

Hand Weapons
 a - a +0 war axe (weapon)
Armour
 b - a +0 scale mail
 c - a +0 shield (worn)
 e - a cursed -2 chain mail (worn)
 g - a +0 chain mail
Jewellery
 r - a ring of stealth (left hand)
Scrolls
 i - a scroll of remove curse
Potions
 d - a potion of might
 n - a potion of lignification {unknown}
 p - 2 potions of berserk rage {unknown}
 q - a potion of brilliance {unknown}
Comestibles
 f - a ration
 h - a chunk of flesh


   Skills:
 + Level 4.2(3.6) Fighting
 * Level 3.5(3.0) Axes
 + Level 4.2(3.6) Armour
 + Level 4.7(4.1) Shields


You had 4 spell levels left.
You didn't know any spells.

Dungeon Overview and Level Annotations

Branches:
Dungeon (3/15)

Altars:

Annotations:
D:3 Grinder, Sigmund


Innate Abilities, Weirdness & Mutations

You cannot be hasted, slowed, berserked, paralysed or teleported.
You can dig through walls and to a lower floor.
Your four strong arms can wield two-handed weapons with a shield.
You have a pair of large antennae on your head. (SInv)


Message History

Grinder is lightly wounded.
You feel sick.
You are no longer poisoned.
You block Grinder's attack.
You closely miss Grinder.
Grinder is lightly wounded.
Grinder hits you.
You writhe in agony.
You block Grinder's attack.
Your shield and chain mail prevent you from hitting Grinder.
Grinder is lightly wounded.
Grinder hits you.
You writhe in agony.
* * * LOW HITPOINT WARNING * * *
Your shield and chain mail prevent you from hitting Grinder.
Grinder is lightly wounded.
Grinder hits you.
* * * LOW HITPOINT WARNING * * *
You writhe in agony.
* * * LOW HITPOINT WARNING * * *
Grinder gestures at you. Pain shoots through your body!
You die...

..................>.#..#.##
........####.#.#.......#.#
######### #.#.#.##.#..#.#
#.#.#.##.#.##.#
#.#.#.##.#....#
#.#.#.##.###### #.#.#(##.#
#.#.#.##.# #.#..@...#
####.###5######
..............#
......##.####.# ..... #.#
.... #.# ... #.# ## #.#
##### #.#


You could see Grinder.

Vanquished Creatures
  Robin (D:3)
  6 adders
  A worm (D:2)
  A dart slug (D:3)
  3 leopard geckos
  An orc (D:3)
  8 bats
  6 giant cockroaches
  15 goblins
  11 hobgoblins
  16 jackals
  10 kobolds
  2 quokkas
  2 ball pythons
  2 frilled lizards (D:2)
  3 rats
88 creatures vanquished.

Notes
Turn   | Place    | Note
-------+----------+-------------------------------------------
     0 | D:1      | Faca the Formicid Fighter began the quest for the Orb.
     0 | D:1      | Reached XP level 1. HP: 18/18 MP: 1/1
    61 | D:1      | Reached XP level 2. HP: 16/24 MP: 2/2
   316 | D:1      | Reached XP level 3. HP: 23/30 MP: 3/3
   829 | D:2      | Reached XP level 4. HP: 35/37 MP: 4/4
  1541 | D:3      | Noticed Sigmund
  1548 | D:3      | Reached XP level 5. HP: 35/42 MP: 5/5
  2073 | D:3      | Noticed Robin
  2113 | D:3      | Killed Robin
  2273 | D:3      | Noticed Grinder
  2297 | D:3      | Killed from afar by Grinder

Skill      XL: |  1  2  3  4  5 |
---------------+----------------+-----
Shields        | 4 |  4.7
Fighting       | 4 |  4.2
Axes           | 3 |  3.5
Armour         | 4 |  4.2

Action                   |  1- 3 |  4- 6 || total
-------------------------+-------+-------++-------
Melee: War axe           |   123 |   193 ||   316
  Use: Scroll            |       |     8 ||     8
       Potion            |       |     1 ||     1
  Eat: Ration            |       |     1 ||     1
       Chunk             |       |     2 ||     2
Armor: Scale mail        |    70 |    39 ||   109
       Chain mail        |       |    58 ||    58
Dodge: Dodged            |    34 |    46 ||    80
Block: Shield            |    71 |   114 ||   185
